[Event "Hungarian Youth-ch U12 2022"]
[Site "Eger"]
[Date "2022.07.30"]
[Round "8.3"]
[White "Juhasz, Edmond"]
[Black "Lehocz, Jozsef Jr."]
[Result "0-1"]
[ECO "B51"]
[WhiteElo "1510"]
[BlackElo "1919"]
[Annotator "TA"]
[PlyCount "138"]
[EventDate "2022.07.21"]
[EventType "tourn"]
[EventCountry "HUN"]
[SourceTitle "playchess.com"]
[Source "ChessBase"]
[SourceQuality "1"]
[TimeControl "40/5400+30:1800+30"]

1. e4 c5 2. Nf3 d6 3. Bb5+ Nd7 4. a4 Ngf6 5. Nc3 g6 6. d3 {[%emt 0:01:42] B51: Sicilian: Moscow Variation (3 Bb5+) without 3...Bd7.} Bg7 7. Bd2 O-O {[%emt 0:00:38] [#]} 8. O-O $146 {[%emt 0:01:49] The position is equal.} ({Predecessor:} 8. Qc1 Re8 9. Bh6 Bh8 10. h3 a6 11. Bc4 e6 12. O-O b6 13. Qf4 Qc7 14. g4 {0-1 (35) Kozelov,R (2149)-Proleiko,J (2177) Saint Louis 2019}) 8... a6 9. Bxd7 Bxd7 10. a5 Bc6 11. Re1 b5 12. axb6 $1 Qxb6 13. Rb1 Qb7 14. Bg5 Rfe8 15. Qd2 Rad8 (15... a5) 16. Bh6 Bh8 17. Bg5 d5 {[%emt 0:08:32][%cal Rf6e4] Hoping for ...Nxe4!} 18. Bxf6 Bxf6 19. exd5 Bxd5 20. Nxd5 Rxd5 21. b3 Qb4 22. Qxb4 (22. Re4 Qxd2 23. Nxd2) (22. Re4 $11 Qxe4 23. dxe4 Rxd2 24. Nxd2) 22... cxb4 $15 23. Re4 a5 (23... Rc8 $15) 24. Rbe1 Ra8 25. h3 e6 26. Ne5 a4 27. bxa4 Rxa4 28. f4 Ra2 29. Rxb4 Rxc2 {[%emt 0:06:10] And now ...Bxe5 would win.} 30. Ng4 (30. Rb8+ $11 {remains equal.} Rd8 31. Rxd8+ Bxd8 32. Re4) 30... Bc3 $17 {[%emt 0:00:06] Black is more active.} 31. Rb8+ (31. Rc4 $17) 31... Kg7 $19 32. Ne3 Bxe1 33. Nxc2 {[%emt 0:02:49][%mdl 4096] Endgame KRB-KRN} Bg3 34. Nb4 (34. d4 $17) 34... Ra5 ({And not} 34... Bxf4 35. Nxd5 Bxb8 36. Nc3 $17) 35. Kf1 Bxf4 (35... Ra1+ $142 36. Ke2 g5) 36. Rb7 $2 {[%emt 0:00:50] [#]} (36. Rc8 {is more resistant.}) 36... Ra1+ $1 37. Ke2 Rb1 38. Rb6 Rb2+ 39. Kf3 Bc7 (39... Be5 40. Nc6 Rxb6 41. Nxe5 Rb3) 40. Rc6 Rxb4 41. Rxc7 {[%emt 0:02:24] KR-KR} Kf6 42. g3 (42. Rc2 $142) 42... Rb1 43. Kf2 (43. h4 {was worth a try.}) 43... h5 44. h4 $2 (44. Rc8) 44... e5 45. Ra7 Rb3 46. Ke3 Rb1 {[%emt 0:00:15] Prevents Ra1.} 47. Kf2 $1 Ke6 48. Kf3 f6 (48... Rb4 $19 {is more deadly. Strongly threatening ...Rd4.} 49. Ke3 Rg4 50. Ra6+ Kf5) 49. Ke4 (49. Ra2 $17) 49... Re1+ 50. Kf3 Kf5 51. Re7 $2 (51. Rh7) 51... Rf1+ 52. Ke2 Ra1 53. Rg7 Ra2+ 54. Kf3 Ra3 55. Ke2 Ra4 56. Kf3 Rg4 (56... Rd4 $142 57. Ke3 g5 58. hxg5 fxg5) 57. Rh7 Ke6 58. Rh8 (58. Rg7 $19) 58... f5 59. Re8+ Kd5 (59... Kf6 $17 60. Rc8 f4 61. gxf4 Rxf4+ 62. Kg3 Rd4 63. Rf8+ Ke7) 60. Rd8+ $15 Ke6 61. Re8+ $1 Kf6 62. Kf2 $2 {[%emt 0:01:13][%mdl 8192] [#]} (62. Rc8 $17) 62... f4 $1 $19 {[%emt 0:01:06] Black is clearly winning.} 63. gxf4 exf4 64. d4 Rxh4 65. Kf3 g5 {[%emt 0:00:43] ...Rh3+ is the strong threat.} 66. Kg2 {[%emt 0:01:49] Prevents Rh3.} Rg4+ 67. Kf2 Rg3 {[%emt 0:00:05] aiming for ...h4.} 68. Rh8 h4 69. Ke2 Re3+ {[%emt 0:00:55] Weighted Error Value: White=0.35/Black=0.36} 0-1

[Event "Hungarian Youth-ch U12 2022"]
[Site "Eger"]
[Date "2022.07.30"]
[Round "8.4"]
[White "Feher, Botond"]
[Black "Horvath, Matyas Sandor"]
[Result "1-0"]
[ECO "A36"]
[WhiteElo "1747"]
[BlackElo "1431"]
[Annotator "NA RC COMBH"]
[PlyCount "85"]
[EventDate "2022.07.21"]
[EventType "tourn"]
[EventCountry "HUN"]
[SourceTitle "playchess.com"]
[Source "ChessBase"]
[SourceQuality "1"]
[TimeControl "40/5400+30:1800+30"]

1. c4 c5 2. Nc3 Nc6 3. g3 g6 4. Bg2 Bg7 5. e4 e6 6. Nge2 Nge7 7. O-O O-O 8. d3 d6 9. f4 a6 10. Bd2 Bd7 11. Rf3 Rb8 12. Qe1 b5 13. Rb1 b4 14. Nd1 Nd4 15. Nxd4 Bxd4+ 16. Be3 Bg7 17. g4 Nc6 18. b3 Nd4 19. Bxd4 Bxd4+ 20. Kh1 a5 21. Ne3 a4 22. Qg3 axb3 23. axb3 Bc6 24. g5 f5 25. Qh4 Qd7 26. Rh3 Ra8 27. exf5 Bxg2+ 28. Kxg2 exf5 29. Nd5 Ra2+ 30. Kh1 Qg7 31. Re1 Ra1 32. Rxa1 Bxa1 33. Re3 Bd4 34. Re7 Rf7 35. Re8+ Rf8 36. Nf6+ Bxf6 37. gxf6 Qh8 38. f7+ Kg7 39. Qe7 Rxf7 40. Qxf7+ Kxf7 41. Rxh8 Kg7 42. Rd8 Kf7 43. Rxd6 1-0

[Event "Hungarian Youth-ch U12 2022"]
[Site "Eger"]
[Date "2022.07.30"]
[Round "8.5"]
[White "Bod, Marton"]
[Black "Karacsonyi, Bank"]
[Result "0-1"]
[ECO "C29"]
[WhiteElo "1758"]
[BlackElo "1791"]
[Annotator "NA RC COMBH"]
[PlyCount "32"]
[EventDate "2022.07.21"]
[EventType "tourn"]
[EventCountry "HUN"]
[SourceTitle "playchess.com"]
[Source "ChessBase"]
[SourceQuality "1"]
[TimeControl "40/5400+30:1800+30"]

1. e4 e5 2. Nc3 Nf6 3. f4 d5 4. fxe5 Nxe4 5. Qf3 f5 6. Nh3 Nc6 7. Bb5 Qh4+ 8. Kf1 Bc5 9. Nxd5 O-O 10. Bxc6 bxc6 11. Ndf4 g5 12. Nd3 Ba6 13. b3 Rad8 14. c4 g4 15. Qf4 Rxd3 16. Ke2 Rd4 0-1

[Event "Hungarian Youth-ch U12 2022"]
[Site "Eger"]
[Date "2022.07.30"]
[Round "8.6"]
[White "Torok, Rita"]
[Black "Molnar, Dalma Reka"]
[Result "1/2-1/2"]
[ECO "B24"]
[WhiteElo "1275"]
[BlackElo "1521"]
[Annotator "NA RC COMBH"]
[PlyCount "78"]
[EventDate "2022.07.21"]
[EventType "tourn"]
[EventCountry "HUN"]
[SourceTitle "playchess.com"]
[Source "ChessBase"]
[SourceQuality "1"]
[TimeControl "40/5400+30:1800+30"]

1. e4 c5 2. Nc3 Nc6 3. Nf3 g6 4. Bc4 Bg7 5. O-O e6 6. Re1 Nge7 7. d3 O-O 8. Be3 d5 9. Bxd5 exd5 10. Bxc5 dxe4 11. Nxe4 b6 12. Bxe7 Nxe7 13. Rb1 Bg4 14. h3 Bxf3 15. Qxf3 Nf5 16. c3 Qc7 17. g3 Nd6 18. Qf4 Nb5 19. Qh4 Rac8 20. a4 Nd6 21. Nxd6 Qxd6 22. Qe4 Rfd8 23. d4 a6 24. Qb7 b5 25. axb5 axb5 26. Qxb5 Rb8 27. Qe2 Rb7 28. Qf3 Rdb8 29. b4 Rc7 30. Rb3 Qa6 31. Qe2 Qxe2 32. Rxe2 Rbc8 33. Re3 Bh6 34. Rd3 Kf8 35. f4 Ke7 36. Kf2 Kd6 37. Re3 Bg7 38. Ke2 Kd5 39. Kd3 Rb8 1/2-1/2

[Event "Hungarian Youth-ch U12 2022"]
[Site "Eger"]
[Date "2022.07.30"]
[Round "8.8"]
[White "Balogh, Gerda"]
[Black "Kiss, Inez"]
[Result "0-1"]
[ECO "C00"]
[WhiteElo "1531"]
[BlackElo "1397"]
[Annotator "NA RC COMBH"]
[PlyCount "114"]
[EventDate "2022.07.21"]
[EventType "tourn"]
[EventCountry "HUN"]
[SourceTitle "playchess.com"]
[Source "ChessBase"]
[SourceQuality "1"]
[TimeControl "40/5400+30:1800+30"]

1. e4 e6 2. d4 d5 3. f3 dxe4 4. fxe4 Qh4+ 5. Ke2 Qxe4+ 6. Be3 Nf6 7. Qd3 Nc6 8. Nc3 Qxd3+ 9. Kxd3 Ng4 10. Re1 b6 11. Ne4 Ba6+ 12. Kd2 Bxf1 13. Rxf1 Nxe3 14. Kxe3 Be7 15. Nh3 h6 16. g4 g5 17. Rf2 O-O 18. Rhf1 Nb4 19. c3 Nd5+ 20. Kd3 Rad8 21. a3 c5 22. Ke2 cxd4 23. cxd4 Rc8 24. Kd3 b5 25. Ng1 Nf4+ 26. Ke3 Rfd8 27. Ne2 Nd5+ 28. Kd3 f6 29. N2c3 Nf4+ 30. Ke3 a6 31. Ne2 Nd5+ 32. Kf3 f5 33. gxf5 exf5 34. N4g3 g4+ 35. Kg2 Ne3+ 36. Kg1 Nxf1 37. Rxf1 Rc2 38. Nxf5 Rxe2 39. Nxh6+ Kg7 40. Nxg4 Rxd4 41. Nf2 Rdd2 42. Kg2 Bc5 43. Rc1 Rxf2+ 44. Kh3 Rxh2+ 45. Kg4 Rhg2+ 46. Kh3 Rg5 47. b4 Bd6 48. Rh1 Rh5+ 49. Kg4 Rxh1 50. Kf5 Rf1+ 51. Ke6 Bxb4 52. axb4 Re1+ 53. Kf5 Rf2+ 54. Kg4 Rg1+ 55. Kh3 Rf6 56. Kh2 Rg5 57. Kh3 Rh6# 0-1

[Event "Hungarian Youth-ch U12 2022"]
[Site "Eger"]
[Date "2022.07.30"]
[Round "8.9"]
[White "Balazs, Szabina Zoe"]
[Black "Brieber, Dorottya"]
[Result "0-1"]
[ECO "B01"]
[WhiteElo "1437"]
[BlackElo "1242"]
[Annotator "NA RC COMBH"]
[PlyCount "70"]
[EventDate "2022.07.21"]
[EventType "tourn"]
[EventCountry "HUN"]
[SourceTitle "playchess.com"]
[Source "ChessBase"]
[SourceQuality "1"]
[TimeControl "40/5400+30:1800+30"]

1. e4 d5 2. exd5 Nf6 3. d4 Nxd5 4. c4 Nf6 5. Nc3 Bf5 6. b3 Nc6 7. Be3 Nb4 8. Rc1 e6 9. Be2 Be7 10. Nf3 Qd7 11. Ne5 Qd8 12. O-O O-O 13. Nf3 Ne4 14. Nxe4 Bxe4 15. Qd2 Qd7 16. Ne5 Qd8 17. Nf3 c6 18. Ne5 Qc7 19. Bf4 Qc8 20. f3 Bf5 21. h4 Na6 22. g4 f6 23. Nxc6 Qxc6 24. gxf5 exf5 25. d5 Bc5+ 26. Kh1 Qd7 27. Bd3 Qf7 28. Bxf5 Qh5 29. Be6+ Kh8 30. Bg3 f5 31. Qh2 Rad8 32. Rc2 Nb4 33. Rd2 Be3 34. Re2 f4 35. Bf2 Qxf3+ 0-1

[Event "Hungarian Youth-ch U12 2022"]
[Site "Eger"]
[Date "2022.07.31"]
[Round "9.1"]
[White "Karacsonyi, Bank"]
[Black "Horvath, Andras"]
[Result "1/2-1/2"]
[ECO "C56"]
[WhiteElo "1791"]
[BlackElo "2251"]
[Annotator "RC"]
[PlyCount "98"]
[EventDate "2022.07.21"]
[EventType "tourn"]
[EventCountry "HUN"]
[SourceTitle "playchess.com"]
[Source "ChessBase"]
[SourceQuality "1"]
[TimeControl "40/5400+30:1800+30"]

1. e4 e5 2. Nf3 Nc6 3. Bc4 Nf6 4. d4 exd4 5. O-O Nxe4 6. Re1 d5 7. Bxd5 Qxd5 8. Nc3 Qh5 9. Nxe4 Be6 10. Bg5 Bd6 11. Nxd6+ cxd6 12. Bf4 Qd5 13. c3 O-O 14. Nxd4 Nxd4 15. Qxd4 Qxd4 16. cxd4 d5 17. Rac1 Rac8 18. Bc7 h6 19. Rc3 Rfe8 20. Rec1 Bd7 21. f3 Re2 22. R3c2 Rxc2 23. Rxc2 Bc6 24. Bd6 Re8 25. Kf2 Kh7 26. Bc5 a6 27. b3 Kg6 28. Bd6 Re6 29. Be5 f6 30. Bf4 Kf7 31. g4 Ke7 32. a4 Kd7 33. b4 g5 34. Bg3 Kd8 35. Ra2 Be8 36. h4 Rb6 37. hxg5 hxg5 38. b5 axb5 39. Rc2 Bc6 40. Rb2 b4 41. Bd6 Bxa4 42. Bc5 Rb5 43. Rxb4 Rxb4 44. Bxb4 b5 45. f4 gxf4 46. Kf3 Kd7 47. Kxf4 Ke6 48. Bc5 Bd1 49. Bb4 Bc2 1/2-1/2

[Event "Hungarian Youth-ch U12 2022"]
[Site "Eger"]
[Date "2022.07.31"]
[Round "9.2"]
[White "Horvath, Matyas Sandor"]
[Black "Bod, Marton"]
[Result "0-1"]
[ECO "B40"]
[WhiteElo "1431"]
[BlackElo "1758"]
[Annotator "NA RC"]
[PlyCount "100"]
[EventDate "2022.07.21"]
[EventType "tourn"]
[EventCountry "HUN"]
[SourceTitle "playchess.com"]
[Source "ChessBase"]
[SourceQuality "1"]
[TimeControl "40/5400+30:1800+30"]

1. e4 c5 2. Nf3 e6 3. d3 d6 4. g3 g6 5. Bg2 Bg7 6. Nbd2 Ne7 7. O-O Nbc6 8. c3 O-O 9. Qc2 b6 10. Nb3 a5 11. a4 Ba6 12. Re1 Rc8 13. Be3 Qd7 14. d4 cxd4 15. Nbxd4 d5 16. Nxc6 Qxc6 17. exd5 Nxd5 18. Bd4 Rfd8 19. Bxg7 Kxg7 20. Qe4 Qc7 21. Qe5+ Qxe5 22. Rxe5 Kf6 23. Re4 Bb7 24. Rd4 Ne7 25. Rf4+ Nf5 26. Ne1 Bxg2 27. Nxg2 Kg7 28. Ne3 Nxe3 29. fxe3 Rd2 30. Rf2 Rcd8 31. Raf1 Rxf2 32. Rxf2 Rd3 33. Rf3 f5 34. Kg2 e5 35. Rf2 Rxe3 36. Rc2 Rd3 37. Kf2 Kf6 38. Ke2 e4 39. b4 Ke6 40. b5 Kd5 41. c4+ Kc5 42. Rc1 Rd4 43. Ke3 Rxc4 44. Ra1 Kb4 45. Ra2 Kb3 46. Ra1 Rxa4 47. Rb1+ Kc4 48. Rb2 Rb4 49. Rc2+ Kxb5 50. Ra2 a4 0-1

[Event "Hungarian Youth-ch U12 2022"]
[Site "Eger"]
[Date "2022.07.31"]
[Round "9.3"]
[White "Lehocz, Jozsef Jr."]
[Black "Feher, Botond"]
[Result "1/2-1/2"]
[ECO "B32"]
[WhiteElo "1919"]
[BlackElo "1747"]
[Annotator "NA RC"]
[PlyCount "80"]
[EventDate "2022.07.21"]
[EventType "tourn"]
[EventCountry "HUN"]
[SourceTitle "playchess.com"]
[Source "ChessBase"]
[SourceQuality "1"]
[TimeControl "40/5400+30:1800+30"]

1. e4 c5 2. Nf3 Nc6 3. d4 cxd4 4. c3 Nf6 5. e5 Nd5 6. Bc4 Nb6 7. Bb3 d5 8. exd6 Qxd6 9. O-O Be6 10. Bxe6 Qxe6 11. Nxd4 Nxd4 12. Qxd4 Rd8 13. Qh4 Qe2 14. Nd2 Rxd2 15. Bxd2 Qxd2 16. Rad1 Qh6 17. Qg3 Qc6 18. Rd4 f6 19. Rfd1 g6 20. Qb8+ Kf7 21. Rd8 Nc4 22. Rc8 (22. h3 $1 $15) 22... Qe6 23. h3 ({Avoid the trap} 23. Qxb7 $2 Nd6 24. Rxf8+ Rxf8 $19) 23... Nd6 (23... Nxb2 $17 24. Rdd8 Qe1+ 25. Kh2 Qe5+ 26. Qxe5 fxe5) 24. Rd8 $15 f5 25. Qc7 Kg8 26. Qb8 Kf7 27. Qc7 Kf6 28. Qc5 Qe5 29. Qc7 Bg7 30. Rd7 Re8 31. R1xd6+ exd6 32. Rxg7 Qe1+ 33. Kh2 Qe5+ 34. g3 Re7 35. Rxe7 Qxe7 36. Qc4 b6 37. Qh4+ Ke6 38. Qa4 Kf6 39. Qh4+ Ke6 40. Qa4 Ke5 1/2-1/2

[Event "Hungarian Youth-ch U12 2022"]
[Site "Eger"]
[Date "2022.07.31"]
[Round "9.4"]
[White "Janosi, Bence"]
[Black "Juhasz, Edmond"]
[Result "1-0"]
[ECO "D15"]
[WhiteElo "1428"]
[BlackElo "1510"]
[Annotator "NA RC"]
[PlyCount "49"]
[EventDate "2022.07.21"]
[EventType "tourn"]
[EventCountry "HUN"]
[SourceTitle "playchess.com"]
[Source "ChessBase"]
[SourceQuality "1"]
[TimeControl "40/5400+30:1800+30"]

1. d4 d5 2. c4 c6 3. Nc3 Nf6 4. Nf3 Bf5 5. Bf4 e6 6. e3 Bd6 7. Bg3 Bxg3 8. hxg3 Nbd7 9. Bd3 Bxd3 10. Qxd3 Qe7 11. O-O-O O-O-O 12. e4 dxe4 13. Nxe4 Nxe4 14. Qxe4 Qb4 15. Qc2 h6 16. Kb1 Nb6 17. Ne5 Rhf8 18. a3 Qe7 19. c5 Nd7 20. Nc4 Nf6 21. Qa4 Kb8 22. Rd3 Ne8 23. Na5 Ka8 24. Rb3 Rd7 25. Nxc6 1-0

[Event "Hungarian Youth-ch U12 2022"]
[Site "Eger"]
[Date "2022.07.31"]
[Round "9.5"]
[White "Kovacs, Kristof"]
[Black "Onodi, Miklos"]
[Result "1-0"]
[ECO "D02"]
[WhiteElo "1812"]
[BlackElo "1901"]
[Annotator "RC"]
[PlyCount "65"]
[EventDate "2022.07.21"]
[EventType "tourn"]
[EventCountry "HUN"]
[SourceTitle "playchess.com"]
[Source "ChessBase"]
[SourceQuality "1"]
[TimeControl "40/5400+30:1800+30"]

1. Nf3 d5 2. d4 Nf6 3. g3 Bf5 4. Bg2 e6 5. O-O Be7 6. b3 h5 7. Nbd2 Ne4 8. Bb2 Nd7 9. Ne5 f6 10. Nxd7 Qxd7 11. f3 Nd6 12. e4 dxe4 13. fxe4 Bg4 14. Qe1 h4 15. h3 Bh5 16. g4 Bg6 17. c4 f5 18. e5 Nf7 19. gxf5 Bxf5 20. Rxf5 exf5 21. e6 Qd6 22. exf7+ Kxf7 23. Qe5 Qxe5 24. dxe5 c6 25. Re1 Bb4 26. Re2 Rad8 27. Nf3 Rd1+ 28. Kh2 Ke6 29. Nd4+ Ke7 30. Nxf5+ Kf8 31. Bf3 g6 32. e6 Rh7 33. e7+ 1-0

[Event "Hungarian Youth-ch U12 2022"]
[Site "Eger"]
[Date "2022.07.31"]
[Round "9.7"]
[White "Kiss, Inez"]
[Black "Balazs, Szabina Zoe"]
[Result "0-1"]
[ECO "C03"]
[WhiteElo "1397"]
[BlackElo "1437"]
[Annotator "NA RC"]
[PlyCount "102"]
[EventDate "2022.07.21"]
[EventType "tourn"]
[EventCountry "HUN"]
[SourceTitle "playchess.com"]
[Source "ChessBase"]
[SourceQuality "1"]
[TimeControl "40/5400+30:1800+30"]

1. e4 e6 2. d4 d5 3. Nd2 h6 4. e5 c5 5. c3 Nd7 6. Bd3 Ne7 7. Ne2 Nc6 8. Nf3 a5 9. a4 b6 10. O-O g5 11. Nd2 Bb7 12. f4 Qe7 13. f5 O-O-O 14. f6 Qe8 15. Bb5 Na7 16. Bxd7+ Qxd7 17. b3 Ba6 18. Re1 Nc6 19. Ba3 Qb7 20. Qc2 Kb8 21. dxc5 bxc5 22. Ng3 Qc7 23. Qb1 Ka8 24. Kh1 Nxe5 25. Rc1 Qb8 26. Qc2 Rc8 27. c4 d4 28. Re1 Bd6 29. Nde4 Nd7 30. Nxd6 Qxd6 31. Ne4 Qb6 32. Qd3 Bb7 33. Qg3 Bxe4 34. Rxe4 Nxf6 35. Ree1 Qc6 36. Qf2 Nh5 37. Bxc5 Qxc5 38. Qf3+ Qc6 39. Qxh5 f5 40. Qe2 Rhe8 41. Qh5 e5 42. Qf7 Qe6 43. Qh5 e4 44. Qd1 d3 45. Qd2 Qb6 46. Rf1 Re5 47. Qc3 Qd6 48. Rad1 Rd8 49. Rfe1 Qd4 50. Qd2 e3 51. Qa2 d2 0-1

[Event "Hungarian Youth-ch U12 2022"]
[Site "Eger"]
[Date "2022.07.31"]
[Round "9.8"]
[White "Biro, Beata"]
[Black "Balogh, Gerda"]
[Result "0-1"]
[ECO "C44"]
[WhiteElo "1551"]
[BlackElo "1531"]
[Annotator "NA RC"]
[PlyCount "68"]
[EventDate "2022.07.21"]
[EventType "tourn"]
[EventCountry "HUN"]
[SourceTitle "playchess.com"]
[Source "ChessBase"]
[SourceQuality "1"]
[TimeControl "40/5400+30:1800+30"]

1. e4 e5 2. d4 exd4 3. Nf3 Nc6 4. Nxd4 Nf6 5. Bb5 Nxe4 6. O-O Nd6 7. Bxc6 dxc6 8. Re1+ Be7 9. Qe2 c5 10. Nb3 Nf5 11. Bg5 f6 12. Bf4 Kf7 13. Qc4+ Kf8 14. Nc3 g5 15. Rad1 Qe8 16. Bxc7 Qf7 17. Nd5 Be6 18. Qe4 Bxd5 19. Rxd5 Nh6 20. Rd7 Re8 21. Bd6 Bxd6 22. Rxf7+ Kxf7 23. Qxb7+ Kg6 24. Rxe8 Rxe8 25. g3 g4 26. Qd7 Re1+ 27. Kg2 Be5 28. Nxc5 Nf5 29. Qe8+ Kg5 30. Ne6+ Kh6 31. Qf8+ Kh5 32. Nf4+ Bxf4 33. gxf4 Nh4+ 34. Kg3 Rg1# 0-1